 Dungeon Crawl Stone Soup version 0.25-a0-353-ged6d54792d (webtiles) character file.

Game seed: 11985752805182919593, levelgen mode: deterministic

163 pk666 the Magician (level 5, -4/28 HPs)
             Began as a Deep Elf Wizard on Jan 1, 2020.
             Slain by a hound (5 damage)
             ... on level 3 of the Dungeon.
             The game lasted 00:05:55 (3977 turns).

pk666 the Magician (Deep Elf Wizard)                Turns: 3977, Time: 00:05:56

Health: -4/28      AC:  2    Str:  4    XL:     5   Next: 20%
Magic:  0/15       EV: 13    Int: 24    God:
Gold:   75         SH:  0    Dex: 13    Spells: 4/15 levels left

rFire    . . .     SeeInvis .   c - +1 dagger (protect)
rCold    . . .     Gourm    .   (no shield)
rNeg     . . .     Faith    +   a - +0 robe
rPois    .         Spirit   .   b - +0 hat
rElec    .         Reflect  .   (no cloak)
rCorr    .         Harm     .   (no gloves)
MR       .....                  (no boots)
Stlth    +++.......             n - amulet of faith
HPRegen  0.09/turn              i - ring of wizardry
MPRegen  0.14/turn              p - ring of stealth

@: no status effects
A: no striking features
a: no special abilities


You were on level 3 of the Dungeon.
You were not hungry.

You visited 1 branch of the dungeon, and saw 4 of its levels.

You collected 75 gold pieces.

Inventory:

Hand Weapons
 c - a +1 dagger of protection (weapon)
Armour
 a - a +0 robe (worn)
 b - a +0 hat (worn)
Jewellery
 i - a ring of wizardry (left hand)
 n - an amulet of faith (around neck)
 p - a ring of stealth (right hand)
 q - an uncursed amulet of rage {unknown}
Scrolls
 e - a scroll of immolation {unknown}
 f - a scroll of remove curse {unknown}
 l - a scroll of blinking {unknown}
 m - a scroll of identify {unknown}
 r - a scroll of magic mapping {unknown}
Potions
 g - 2 potions of mutation {unknown}
 h - a potion of curing {unknown}
 j - a potion of berserk rage {unknown}
 k - a potion of heal wounds {unknown}
 o - 2 potions of lignification {unknown}
Comestibles
 d - 2 rations


   Skills:
 - Level 3.1 Dodging
 - Level 2.4 Stealth
 + Level 5.5 Spellcasting
 + Level 2.8 Conjurations
 + Level 1.9 Summonings
 - Level 1.1 Translocations
 + Level 1.4 Fire Magic
 + Level 1.3 Air Magic
 + Level 1.3 Poison Magic


You had 4 spell levels left.
You knew the following spells:

 Your Spells              Type           Power        Failure   Level  Hunger
a - Magic Dart            Conj           ###.         1%          1    None
b - Blink                 Tloc           N/A          3%          2    None
c - Conjure Flame         Conj/Fire      ###.....     4%          3    #......
d - Mephitic Cloud        Conj/Pois/Air  ###.....     4%          3    #......
e - Call Imp              Summ           ###.....     2%          2    None

Your spell library contained the following spells:

 Spells                   Type           Power        Failure   Level  Hunger
 Slow                     Hex            #.......     5%          2    None


Dungeon Overview and Level Annotations

Branches:
Dungeon (4/15)
 Temple: D:4-7

Altars:


Message History

Things that are here:
a +0 leather armour; a +0 club The hound closely misses you.
You see here a stone.
You feel sick.
You are no longer poisoned.
The hound bites you.
* * * LOW HITPOINT WARNING * * *
The hound barely misses you.
Your crimson imp blinks!
The hound completely misses you. The hound bites you.
* * * LOW HITPOINT WARNING * * *
The hound bites you.
* * * LOW HITPOINT WARNING * * *
Casting: Call Imp (safe; 2% risk of failure)
Confirm with . or Enter, or press ? or * to list all spells.
A beastly little devil appears in a puff of flame.
The hound bites you.
You die...

.........####........# .........#
#........# .......)## #........#
........#####........############
........'........................
........#######.###...........###
........#######5# #...........#
..............#.###...........###
#############.#h@.)..###+###.....
#......# #..####..# #.###.###.
#......# ##.# #..###.....#.#.
#......# #.# #..#...###<..#.
#......# #.## #..#.....[...#.
#......# #..# #..'..[[##.#.#.
#......# ##.# #.##....#..#.#)
#......######.###.##....#....##
#..............##.###'#....###.


You could see a hound and a friendly crimson imp.

Vanquished Creatures
  An orc priest (D:3)
  An orc wizard (D:3)
  A worker ant (D:4)
  2 adders (D:3)
  An ooze (D:2)
  A worm (D:3)
  A dart slug (D:2)
  2 leopard geckos
  5 orcs (D:3)
  A ball python (D:3)
  3 giant cockroaches
  8 goblins
  4 hobgoblins
  A quokka (D:3)
  4 bats
  4 frilled lizards
  7 kobolds
  6 rats
53 creatures vanquished.

Notes
Turn   | Place    | Note
-------+----------+-------------------------------------------
     0 | D:1      | pk666 the Deep Elf Wizard began the quest for the Orb.
     0 | D:1      | Reached XP level 1. HP: 10/10 MP: 7/7
   367 | D:1      | Reached XP level 2. HP: 5/15 MP: 5/9
  1288 | D:2      | Reached skill level 5 in Spellcasting
  1535 | D:2      | Reached XP level 3. HP: 19/19 MP: 9/11
  1539 | D:2      | Learned a level 2 spell: Blink
  1543 | D:2      | Learned a level 3 spell: Conjure Flame
  1547 | D:2      | Learned a level 3 spell: Mephitic Cloud
  1550 | D:2      | Learned a level 2 spell: Call Imp
  2770 | D:3      | Reached XP level 4. HP: 14/24 MP: 1/13
  2895 | D:3      | Reached skill level 1 in Fire Magic
  2895 | D:3      | Reached skill level 1 in Air Magic
  2895 | D:3      | Reached skill level 1 in Poison Magic
  3439 | D:3      | Reached XP level 5. HP: 28/28 MP: 9/14
  3975 | D:3      | HP: 1/28 [hound (1)]
  3977 | D:3      | Slain by a hound

Levels and vault maps discovered:
D:1:      dpeg_arrival_ternary, layout_basic
D:2:      layout_basic
D:3:      layout_basic, first_ration
D:4:      layout_basic, nicolae_qazlal_general_emergency

Skill      XL: |  1  2  3  4 |
---------------+-------------+-----
Dodging        | 3 |  3.1
Conjurations   | 2 |  2.8
Spellcasting   | 5 |  5.5
Fire Magic     | 1 |  1.4
Air Magic      | 1 |  1.3
Poison Magic   | 1 |  1.3
Stealth        | |  2.4
Summonings     | |  1.9
Translocations | |  1.1

Action                   |  1- 3 |  4- 6 || total
-------------------------+-------+-------++-------
Melee: Dagger            |    10 |       ||    10
 Cast: Magic Dart        |   117 |    55 ||   172
       Mephitic Cloud    |     3 |     1 ||     4
       Call Imp          |     2 |     5 ||     7
       Conjure Flame     |       |     2 ||     2
       Blink             |       |     1 ||     1
  Eat: Chunk             |     5 |     2 ||     7
       Ration            |       |     1 ||     1
Armor: Robe              |    10 |     1 ||    11
Dodge: Dodged            |    23 |    17 ||    40

Table legend:
 A = Non-vault XP
 B = Vault XP
 C = Vault XP percentage of total XP
 D = Non-vault monster count
 E = Vault monster count
 F = Vault count percentage of total count
                 A         B        C        D         E       F
            +---------+---------+-------+---------+---------+-------
      Total |     233 |       0 |   0.0 |      53 |       0 |   0.0
            +---------+---------+-------+---------+---------+-------
        D:1 |      20 |       0 |   0.0 |      13 |       0 |   0.0
        D:2 |      30 |       0 |   0.0 |      14 |       0 |   0.0
        D:3 |     149 |       0 |   0.0 |      25 |       0 |   0.0
        D:4 |      34 |       0 |   0.0 |       1 |       0 |   0.0
            +---------+---------+-------+---------+---------+-------
